| TOP OF THE 1ST |
|
Fresno Grizzlies batting - Pitching for Pawtucket Red Sox : RHP Danny Klomp
|
|
Pitching: RHP Danny Klomp
|
|
|
Batting: RHB Dale Young
|
0-0: Foul Ball, location: 2F 0-1: Ball 1-1: Foul Ball, location: 2F 1-2: DOUBLE (Line Drive, 8LXD, EV 108.1 MPH)
|
|
Batting: LHB Bob Dietz
|
0-0: Called Strike 0-1: Called Strike 0-2: Foul Ball, location: 2F 0-2: Ball 1-2: Foul Ball, location: 2F 1-2: Ball 2-2: Strikes out looking
|
|
Batting: RHB Elijah Hunter
|
0-0: Called Strike 0-1: Ball 1-1: Fly out, F8 (Flyball, 8LM, EV 81.9 MPH)
|
|
Batting: LHB Angelo Vasquez
|
0-0: Called Strike 0-1: Foul Ball, location: 2F 0-2: Ball 1-2: Strikes out swinging
|
| Top of the 1st over - 0 runs, 1 hit, 0 errors, 1 left on base; Fresno 0 - Pawtucket 0 |
| BOTTOM OF THE 1ST |
|
Pawtucket Red Sox batting - Pitching for Fresno Grizzlies : LHP Jimmy Edlin
|
|
Pitching: LHP Jimmy Edlin
|
|
|
Batting: RHB Matt Hinkle
|
0-0: Called Strike 0-1: Ball 1-1: Ground out 6-3 (Groundball, 6, EV 90.6 MPH)
|
|
Batting: RHB Joe Sandoval
|
0-0: Ball 1-0: Ball 2-0: Called Strike 2-1: Ball 3-1: Foul Ball, location: 2F 3-2: Foul Ball, location: 2F 3-2: Foul Ball, location: 2F 3-2: Base on Balls
|
|
Batting: RHB Dave Burwell
|
0-0: Ball 1-0: Called Strike 1-1: Ball Joe Sandoval steals 2nd base 2-1: Foul Ball, location: 2F 2-2: Strikes out looking
|
|
Batting: SHB Willie Koviak
|
0-0: Ball 1-0: Called Strike 1-1: Foul Ball, location: 2F 1-2: Strikes out swinging
|
| Bottom of the 1st over - 0 runs, 0 hits, 0 errors, 1 left on base; Fresno 0 - Pawtucket 0 |
| TOP OF THE 2ND |
|
Fresno Grizzlies batting - Pitching for Pawtucket Red Sox : RHP Danny Klomp
|
|
Batting: RHB Mark Marks
|
0-0: Foul Ball, location: 2F 0-1: Ground out 6-3 (Groundball, 56, EV 101.2 MPH)
|
|
Batting: LHB Mark Dearth
|
0-0: SINGLE (Flyball, 89S, EV 97.5 MPH)
|
|
Batting: RHB Nick Deegan
|
0-0: Grounds into double play, 5-4-3 (Groundball, 56, EV 83.8 MPH)
|
| Top of the 2nd over - 0 runs, 1 hit, 0 errors, 0 left on base; Fresno 0 - Pawtucket 0 |
| BOTTOM OF THE 2ND |
|
Pawtucket Red Sox batting - Pitching for Fresno Grizzlies : LHP Jimmy Edlin
|
|
Batting: RHB Brandon Perris
|
0-0: Ground out 5-3 (Groundball, 56, EV 79.4 MPH)
|
|
Batting: RHB John Chiesa
|
0-0: Ball 1-0: Foul Ball, location: 2F 1-1: Called Strike 1-2: Strikes out swinging
|
|
Batting: RHB Sal Rivera
|
0-0: Ball 1-0: Ground out U3 (Groundball, 34, EV 100.0 MPH)
|
| Bottom of the 2nd over - 0 runs, 0 hits, 0 errors, 0 left on base; Fresno 0 - Pawtucket 0 |
| TOP OF THE 3RD |
|
Fresno Grizzlies batting - Pitching for Pawtucket Red Sox : RHP Danny Klomp
|
|
Batting: RHB Workneh Lagat
|
0-0: Ground out 4-3 (Groundball, 34, EV 107.5 MPH)
|
|
Batting: RHB Alex Campos
|
0-0: Foul Ball, location: 2F 0-1: Ground out 5-3 (Groundball, 56, EV 99.4 MPH)
|
|
Batting: RHB Dale Young
|
0-0: Ball 1-0: Foul Ball, location: 2F 1-1: Ball 2-1: Called Strike 2-2: SINGLE (Flyball, 8LS, EV 91.2 MPH)
|
|
Batting: LHB Bob Dietz
|
0-0: Swinging Strike 0-1: Ball 1-1: Called Strike 1-2: Ball 2-2: Foul Ball, location: 2F 2-2: Strikes out swinging
|
| Top of the 3rd over - 0 runs, 1 hit, 0 errors, 1 left on base; Fresno 0 - Pawtucket 0 |
| BOTTOM OF THE 3RD |
|
Pawtucket Red Sox batting - Pitching for Fresno Grizzlies : LHP Jimmy Edlin
|
|
Batting: RHB Andy Garvin
|
0-0: Swinging Strike 0-1: Called Strike 0-2: Ball 1-2: Ball 2-2: Foul Ball, location: 2F 2-2: Ball 3-2: Strikes out looking
|
|
Batting: RHB Joe Evrard
|
0-0: Ball 1-0: Ball 2-0: Called Strike 2-1: Foul Ball, location: 2F 2-2: Ball 3-2: Ground out 6-3 (Groundball, 6, EV 103.1 MPH)
|
|
Batting: RHB Matt Hinkle
|
0-0: Called Strike 0-1: SINGLE (Line Drive, 7LM, EV 96.2 MPH)
|
|
Batting: RHB Joe Sandoval
|
0-0: Swinging Strike 0-1: Ball 1-1: Called Strike 1-2: Ball Passed Ball! Matt Hinkle to second 2-2: Ball 3-2: SINGLE (Groundball, 6S, EV 72.5 MPH) (infield hit) Matt Hinkle to third
|
|
Batting: RHB Dave Burwell
|
0-0: Fly out, F9 (Flyball, 9, EV 86.2 MPH)
|
| Bottom of the 3rd over - 0 runs, 2 hits, 0 errors, 2 left on base; Fresno 0 - Pawtucket 0 |
| TOP OF THE 4TH |
|
Fresno Grizzlies batting - Pitching for Pawtucket Red Sox : RHP Danny Klomp
|
|
Batting: RHB Elijah Hunter
|
0-0: Called Strike 0-1: Ball 1-1: Ball 2-1: Ball 3-1: Base on Balls
|
|
Batting: LHB Angelo Vasquez
|
0-0: Called Strike Elijah Hunter is caught stealing 2nd base 2-6 0-1: Ball 1-1: Foul Ball, location: 2F 1-2: DOUBLE (Groundball, 3L, EV 95.6 MPH)
|
|
Batting: RHB Mark Marks
|
0-0: Ground out 6-3 (Groundball, 6, EV 86.2 MPH)
|
|
Batting: LHB Mark Dearth
|
0-0: Called Strike 0-1: Foul Ball, location: 2F 0-2: Ball 1-2: SINGLE (Groundball, 4D, EV 94.4 MPH) Angelo Vasquez to third Runner from 3rd tries for Home, throw by CF and OUT! 8-2
|
| Top of the 4th over - 0 runs, 2 hits, 0 errors, 1 left on base; Fresno 0 - Pawtucket 0 |
| BOTTOM OF THE 4TH |
|
Pawtucket Red Sox batting - Pitching for Fresno Grizzlies : LHP Jimmy Edlin
|
|
Batting: SHB Willie Koviak
|
0-0: Ball 1-0: Swinging Strike 1-1: Fly out, F9 (Line Drive, 89M, EV 85.6 MPH)
|
|
Batting: RHB Brandon Perris
|
0-0: Ground out 4-3 (Groundball, 34, EV 102.5 MPH)
|
|
Batting: RHB John Chiesa
|
0-0: Called Strike 0-1: SINGLE (Flyball, 9LS, EV 91.2 MPH)
|
|
Batting: RHB Sal Rivera
|
0-0: Called Strike 0-1: Ball 1-1: Ball John Chiesa is caught stealing 2nd base 2-4
|
| Bottom of the 4th over - 0 runs, 1 hit, 0 errors, 0 left on base; Fresno 0 - Pawtucket 0 |
| TOP OF THE 5TH |
|
Fresno Grizzlies batting - Pitching for Pawtucket Red Sox : RHP Danny Klomp
|
|
Batting: RHB Nick Deegan
|
0-0: Called Strike 0-1: Ground out 5-3 (Groundball, 56S, EV 75.6 MPH)
|
|
Batting: RHB Workneh Lagat
|
0-0: Ball 1-0: Called Strike 1-1: Called Strike 1-2: Strikes out looking
|
|
Batting: RHB Alex Campos
|
0-0: Ball 1-0: Called Strike 1-1: Fly out, F8 (Flyball, 8RD, EV 100.6 MPH)
|
| Top of the 5th over - 0 runs, 0 hits, 0 errors, 0 left on base; Fresno 0 - Pawtucket 0 |
| BOTTOM OF THE 5TH |
|
Pawtucket Red Sox batting - Pitching for Fresno Grizzlies : LHP Jimmy Edlin
|
|
Batting: RHB Sal Rivera
|
0-0: Ball 1-0: SINGLE (Groundball, 6D, EV 100.0 MPH)
|
|
Batting: RHB Andy Garvin
|
0-0: Called Strike Sal Rivera steals 2nd base 0-1: Ball 1-1: Swinging Strike 1-2: Strikes out swinging
|
|
Batting: RHB Joe Evrard
|
0-0: Called Strike 0-1: Ball 1-1: Ball 2-1: Ground out 6-3 (Groundball, 6, EV 92.5 MPH) Sal Rivera to third
|
|
Batting: RHB Matt Hinkle
|
0-0: Swinging Strike 0-1: Ball 1-1: Ball 2-1: Ball 3-1: Fly out, F8 (Flyball, 8LD, EV 100.6 MPH)
|
| Bottom of the 5th over - 0 runs, 1 hit, 0 errors, 1 left on base; Fresno 0 - Pawtucket 0 |
| TOP OF THE 6TH |
|
Fresno Grizzlies batting - Pitching for Pawtucket Red Sox : RHP Danny Klomp
|
|
Batting: RHB Dale Young
|
0-0: Ball 1-0: Ball 2-0: Ball 3-0: Base on Balls
|
|
Batting: LHB Bob Dietz
|
0-0: Ball Dale Young steals 2nd base 1-0: Called Strike 1-1: Ball 2-1: Ball 3-1: Called Strike 3-2: Base on Balls
|
|
Batting: RHB Elijah Hunter
|
0-0: Grounds into double play, 6-4-3 (Groundball, 6, EV 83.1 MPH) Dale Young to third
|
|
Batting: LHB Angelo Vasquez
|
0-0: Called Strike 0-1: Fly out, F6 (Popup, 4MS, EV 64.4 MPH)
|
| Top of the 6th over - 0 runs, 0 hits, 0 errors, 1 left on base; Fresno 0 - Pawtucket 0 |
| BOTTOM OF THE 6TH |
|
Pawtucket Red Sox batting - Pitching for Fresno Grizzlies : LHP Jimmy Edlin
|
|
Batting: RHB Joe Sandoval
|
0-0: Swinging Strike 0-1: Ball 1-1: Ground out 6-3 (Groundball, 6, EV 103.8 MPH)
|
|
Batting: RHB Dave Burwell
|
0-0: Called Strike 0-1: Fly out, F9 (Flyball, 89M, EV 83.1 MPH)
|
|
Batting: SHB Willie Koviak
|
0-0: Ground out 5-3 (Groundball, 56, EV 103.8 MPH)
|
| Bottom of the 6th over - 0 runs, 0 hits, 0 errors, 0 left on base; Fresno 0 - Pawtucket 0 |
| TOP OF THE 7TH |
|
Fresno Grizzlies batting - Pitching for Pawtucket Red Sox : RHP Danny Klomp
|
|
Batting: RHB Mark Marks
|
0-0: Called Strike 0-1: Ball 1-1: Ball 2-1: Swinging Strike 2-2: Strikes out swinging
|
|
Batting: LHB Mark Dearth
|
0-0: Ball 1-0: Ball 2-0: Called Strike 2-1: Ground out U3 (Groundball, 3L, EV 90.6 MPH)
|
|
Batting: RHB Nick Deegan
|
0-0: Ball 1-0: Ball 2-0: Fly out, F9 (Flyball, 89M, EV 72.5 MPH)
|
| Top of the 7th over - 0 runs, 0 hits, 0 errors, 0 left on base; Fresno 0 - Pawtucket 0 |
| BOTTOM OF THE 7TH |
|
Pawtucket Red Sox batting - Pitching for Fresno Grizzlies : LHP Jimmy Edlin
|
|
Batting: RHB Brandon Perris
|
0-0: Fly out, F9 (Flyball, 89M, EV 93.1 MPH)
|
|
Batting: RHB John Chiesa
|
0-0: Called Strike 0-1: Ball 1-1: Swinging Strike 1-2: Reached on error, E5 (Groundball, 56, EV 86.9 MPH)
|
|
Batting: RHB Sal Rivera
|
0-0: Called Strike 0-1: Ground out 5-3 (Groundball, 56S, EV 70.6 MPH) John Chiesa to second
|
|
Batting: RHB Andy Garvin
|
0-0: Called Strike 0-1: Ball 1-1: Ball 2-1: Foul Ball, location: 2F 2-2: Strikes out looking
|
| Bottom of the 7th over - 0 runs, 0 hits, 1 error, 1 left on base; Fresno 0 - Pawtucket 0 |
| TOP OF THE 8TH |
|
Fresno Grizzlies batting - Pitching for Pawtucket Red Sox : RHP Danny Klomp
|
|
Batting: RHB Workneh Lagat
|
0-0: Swinging Strike 0-1: Swinging Strike 0-2: Ball 1-2: Ball 2-2: Fly out, F9 (Flyball, 9D, EV 100.6 MPH)
|
|
Batting: RHB Alex Campos
|
0-0: Called Strike 0-1: Ball 1-1: Called Strike 1-2: Strikes out looking
|
|
Batting: RHB Dale Young
|
0-0: Ball 1-0: Ball 2-0: Foul Ball, location: 2F 2-1: Fly out, F9 (Flyball, 9, EV 83.8 MPH)
|
| Top of the 8th over - 0 runs, 0 hits, 0 errors, 0 left on base; Fresno 0 - Pawtucket 0 |
| BOTTOM OF THE 8TH |
|
Pawtucket Red Sox batting - Pitching for Fresno Grizzlies : LHP Jimmy Edlin
|
|
Batting: RHB Joe Evrard
|
0-0: Ground out U3 (Groundball, 34S, EV 85.0 MPH)
|
|
Batting: RHB Matt Hinkle
|
0-0: Called Strike 0-1: Foul Ball, location: 2F 0-2: SINGLE (Line Drive, 7LS, EV 102.5 MPH)
|
|
Pitching: RHP Mike Hurst
|
|
|
Pinch Hitting: SHB Ben Ervin
|
0-0: Ball Matt Hinkle steals 2nd base 1-0: Ball 2-0: Ball 3-0: Called Strike 3-1: Fly out, F7 (Flyball, 7D, EV 107.5 MPH) Runner from 2nd tags up, SAFE at 3rd, no throw by LF
|
|
Batting: RHB Dave Burwell
|
0-0: Ball 1-0: Ball 2-0: Ground out 4-3 (Groundball, 4, EV 92.5 MPH)
|
| Bottom of the 8th over - 0 runs, 1 hit, 0 errors, 1 left on base; Fresno 0 - Pawtucket 0 |
| TOP OF THE 9TH |
|
Fresno Grizzlies batting - Pitching for Pawtucket Red Sox : RHP Danny Klomp
|
|
Now at 3B: Ben Ervin
|
|
|
Batting: LHB Bob Dietz
|
0-0: Called Strike 0-1: Called Strike 0-2: Ball 1-2: Ground out 4-3 (Groundball, 4M, EV 82.5 MPH)
|
|
Batting: RHB Elijah Hunter
|
0-0: Called Strike 0-1: Ball 1-1: Swinging Strike 1-2: Strikes out swinging
|
|
Batting: LHB Angelo Vasquez
|
0-0: Ball 1-0: Ball 2-0: Ball 3-0: Called Strike 3-1: Base on Balls
|
|
Pitching: RHP Jim Whiteman
|
|
|
Batting: RHB Mark Marks
|
0-0: Ball Angelo Vasquez is caught stealing 2nd base 2-4
|
| Top of the 9th over - 0 runs, 0 hits, 0 errors, 0 left on base; Fresno 0 - Pawtucket 0 |
| BOTTOM OF THE 9TH |
|
Pawtucket Red Sox batting - Pitching for Fresno Grizzlies : RHP Mike Hurst
|
|
Batting: SHB Willie Koviak
|
0-0: SINGLE (Groundball, 56D, EV 106.2 MPH)
|
|
Batting: RHB Brandon Perris
|
0-0: Ball 1-0: Ball 2-0: Swinging Strike 2-1: Foul Ball, location: 2F 2-2: Ball 3-2: Foul Ball, location: 2F 3-2: Strikes out swinging
|
|
Batting: RHB John Chiesa
|
0-0: Ground out 3-1 (Groundball, 34S, EV 90.0 MPH) Willie Koviak to second
|
|
Batting: RHB Sal Rivera
|
0-0: Ball 1-0: Swinging Strike 1-1: Swinging Strike 1-2: Ball 2-2: Ball 3-2: Strikes out swinging
|
| Bottom of the 9th over - 0 runs, 1 hit, 0 errors, 1 left on base; Fresno 0 - Pawtucket 0 |
| TOP OF THE 10TH |
|
Fresno Grizzlies batting - Pitching for Pawtucket Red Sox : RHP Jim Whiteman
|
|
Batting: RHB Mark Marks
|
0-0: Foul Ball, location: 2F 0-1: Called Strike 0-2: Ball 1-2: Foul Ball, location: 2F 1-2: Strikes out swinging
|
|
Batting: LHB Mark Dearth
|
0-0: Foul Ball, location: 2F 0-1: Foul Ball, location: 2F 0-2: DOUBLE (Groundball, 3L, EV 107.5 MPH)
|
|
Pinch Hitting: SHB Troy Kenyon
|
0-0: Intentional Walk
|
|
Batting: RHB Workneh Lagat
|
0-0: Fly out, F8 (Flyball, 8RS, EV 75.0 MPH)
|
|
Batting: RHB Alex Campos
|
0-0: Ball 1-0: Ball 2-0: Ball 3-0: Base on Balls Mark Dearth to third Troy Kenyon to second
|
|
Batting: RHB Dale Young
|
0-0: Swinging Strike 0-1: Called Strike 0-2: Strikes out looking
|
| Top of the 10th over - 0 runs, 1 hit, 0 errors, 3 left on base; Fresno 0 - Pawtucket 0 |
| BOTTOM OF THE 10TH |
|
Pawtucket Red Sox batting - Pitching for Fresno Grizzlies : RHP Mike Hurst
|
|
Now at 1B: Sam Spohn
|
|
|
Now at 2B: Mark Dearth
|
|
|
Batting: LHB Julian Toney
|
0-0: Foul Ball, location: 2F 0-1: Ball 1-1: Swinging Strike 1-2: Ball 2-2: Ball 3-2: Base on Balls
|
|
Pinch Hitting: LHB Frank Olivo
|
0-0: Ball 1-0: DOUBLE (Line Drive, 9LM, EV 106.2 MPH) Julian Toney to third Runner from 3rd tries for Home, throw by RF and OUT! 9-4-2 Frank Olivo to third
|
|
Batting: RHB Matt Hinkle
|
0-0: Ball 1-0: Called Strike 1-1: Foul Ball, location: 2F 1-2: Ball 2-2: Fly out, F9 (Flyball, 9LS, EV 85.0 MPH)
|
|
Pitching: RHP Alex Salinas
|
|
|
Batting: SHB Ben Ervin
|
0-0: Ball 1-0: Foul Ball, location: 2F 1-1: Ball 2-1: Ball 3-1: Foul Ball, location: 2F 3-2: Foul Ball, location: 2F 3-2: SINGLE (Groundball, 56D, EV 101.9 MPH) Frank Olivo scores
|
| Bottom of the 10th over - 1 run, 2 hits, 0 errors, 1 left on base; Fresno 0 - Pawtucket 1 |
|